 Dungeon Crawl Stone Soup version 0.31-a0-1610-g9787180647 (webtiles) character file.

Game seed: 2904852662998710549

63 Flugslaktarn the Apothecary (level 4, -10/40 HPs)
             Began as an Octopode Alchemist on Jan 8, 2024.
             Mangled by an ice beast (14 damage)
             ... on level 3 of the Dungeon.
             The game lasted 00:01:40 (611 turns).

Flugslaktarn the Apothecary (Octopode Alchemist)     Turns: 611, Time: 00:01:40

Health: -10/40     AC: 22    Str:  7    XL:     4   Next: 10%
Magic:  2/8        EV:  2    Int: 19    God:
Gold:   104        SH:  0    Dex: 12    Spells: 7/8 levels left

rFire   . . .        (no weapon)
rCold   . . .        (no shield)
rNeg    . . .        (helmet currently unavailable)
rPois   +            (no amulet)
rElec   .            (no ring)
rCorr   .            (no ring)
SInv    .            (no ring)
Will    .....        (no ring)
Stlth   ++           (no ring)
HPRegen 0.26/turn    (no ring)
MPRegen 0.11/turn    (no ring)
                     (no ring)

%: no passive effects
@: tree-form
A: stationary, stasis, torment immunity, boosted hp, almost no armour,
(amphibious), 8 rings, (camouflage 1), (gelatinous body 1), (nimble swimmer 1),
(tentacles)
a: no special abilities


You were on level 3 of the Dungeon.
You were a tree.
You visited 1 branch of the dungeon, and saw 4 of its levels.

You collected 104 gold pieces.

Inventory:

Hand Weapons
 e - a +0 hand axe of venom
   (You found it on level 2 of the Dungeon)
Talismans
 h - a blade talisman
   (You found it on level 3 of the Dungeon)
Wands
 g - a wand of digging (9)
   (You found it on level 4 of the Dungeon)
 i - a wand of iceblast (9)
   (You found it on level 3 of the Dungeon)
Scrolls
 c - 2 scrolls of amnesia
Potions
 a - 2 potions of magic
 d - a potion of cancellation
 q - a potion of curing


   Skills:
 - Level 2.0 Dodging
 - Level 2.6 Stealth
 + Level 2.8 Spellcasting
 - Level 1.0 Conjurations
 * Level 4.7 Alchemy


You had 7 spell levels left.
You knew the following spells:

 Your Spells              Type           Power      Damage    Failure   Level
a - Sting                 Conj/Alch      52%        1d6       4%          1

Your spell library contained the following spells:

 Spells                   Type           Power      Damage    Failure   Level
 Mercury Vapours          Alch/Air       22%        N/A       9%          2
 Magic Dart               Conj           24%        1d4       11%         1
 Searing Ray              Conj           12%        2d4       16%         2
 Mephitic Cloud           Conj/Alch/Air  9%         N/A       22%         3
 Olgreb's Toxic Radiance  Alch           20%        N/A       22%         4
 Fulminant Prism          Conj/Alch      6%         3d7       43%         4
 Sticky Flame             Fire/Alch      11%        2d5       52%         4


Dungeon Overview and Level Annotations

Branches:
Dungeon (4/15)
 Temple: D:4-7

Altars:


Innate Abilities, Weirdness & Mutations

You are a tree.
Your roots penetrate the ground, keeping you stationary.
You cannot be teleported.
You are immune to unholy pain and torment.
Your maximum health is greatly increased.
You cannot wear most types of armour.
((You are amphibious.))
You can wear up to eight rings at the same time.
((Your skin changes colour to match your surroundings (Stealth+).))
((Your rubbery body absorbs attacks. (AC +1, EV +1)))
((You are camouflaged when in or above water. (Stealth+)))
((You have tentacles for arms and can constrict up to eight enemies at once.))


Message History

The ball python constricts you.
You escape the ball python's grasp.
The ball python attacks as it pursues you!
The ball python closely misses you. The ball python grabs you.
The ball python constricts you.
Casting: Sting (safe; 4% risk of failure)
Confirm with . or Enter, or press ? or * to list all spells.
Aiming: Sting (safe; 4% risk of failure)
Press: ? - help, Shift-Dir - straight line, f - ball python
Aim: a ball python (constricting you, 68% to hit)
The sting hits the ball python.
The ball python is poisoned.
The ball python is moderately wounded.
The ball python misses you. The ball python constricts you.
Casting: Sting (safe; 4% risk of failure)
Confirm with . or Enter, or press ? or * to list all spells.
Aiming: Sting (safe; 4% risk of failure)
Press: ? - help, Shift-Dir - straight line, f/p - ball python
Aim: a ball python (severely wounded, constricting you, poisoned, 68% to hit)
The sting hits the ball python.
The ball python looks even sicker.
You kill the ball python!
Casting: Sting (safe; 4% risk of failure)
Confirm with . or Enter, or press ? or * to list all spells.
Aiming: Sting (safe; 4% risk of failure)
Press: ? - help, Shift-Dir - straight line, f - giant cockroach
Aim: a giant cockroach (71% to hit)
The sting misses the giant cockroach.
The sting hits the ice beast but does no damage.
The ice beast is poisoned.
Okay, then.
As you read the scroll of identify, it crumbles to dust.
d - a potion of cancellation The giant cockroach closely misses you.
The giant cockroach bites you.
Okay, then.
Okay, then.
It was a potion of lignification.
You turn into a tree.
Your roots penetrate the ground.
The giant cockroach bites you but does no damage.
You barely miss the giant cockroach.
The ice beast looks more healthy.
The giant cockroach completely misses you.
You hit the giant cockroach but do no damage.
The giant cockroach is poisoned.
You kill the giant cockroach!
Casting: Sting (safe; 4% risk of failure)
Confirm with . or Enter, or press ? or * to list all spells.
Aiming: Sting (safe; 4% risk of failure)
Press: ? - help, Shift-Dir - straight line, f - ice beast
Aim: an ice beast (moderately wounded, 71% to hit)
The sting misses the ice beast.
The ice beast hits you but does no damage.
Casting: Sting (safe; 4% risk of failure)
Confirm with . or Enter, or press ? or * to list all spells.
Aiming: Sting (safe; 4% risk of failure)
Press: ? - help, Shift-Dir - straight line, f/p - ice beast
Aim: an ice beast (moderately wounded, 71% to hit)
The sting hits the ice beast but does no damage.
The ice beast is poisoned.
The ice beast is moderately wounded.
You hear the brisk rusting of a very distant drain.
The ice beast hits you but does no damage.
Casting: Sting (safe; 4% risk of failure)
Confirm with . or Enter, or press ? or * to list all spells.
Aiming: Sting (safe; 4% risk of failure)
Press: ? - help, Shift-Dir - straight line, f/p - ice beast
Aim: an ice beast (moderately wounded, poisoned, 71% to hit)
The sting hits the ice beast.
The ice beast partially resists.
The ice beast is moderately wounded.
The ice beast hits you but does no damage.
Okay, then.
Unknown command.
Unknown command.
Your +0 hand axe of venom stops dripping with poison.
You are now empty-handed.
The ice beast hits you but does no damage.
You hit the ice beast but do no damage.
The ice beast is moderately wounded.
The ice beast hits you. The ice beast freezes you!
You closely miss the ice beast.
The ice beast is moderately wounded.
The ice beast hits you but does no damage.
You closely miss the ice beast.
The ice beast is moderately wounded.
The ice beast hits you but does no damage.
You hit the ice beast but do no damage.
The ice beast is moderately wounded.
The ice beast hits you but does no damage.
You completely miss the ice beast.
The ice beast is moderately wounded.
The ice beast looks more healthy.
The ice beast hits you. The ice beast freezes you!
* * * LOW HITPOINT WARNING * * *
You completely miss the ice beast.
The ice beast is heavily wounded.
The ice beast hits you but does no damage.
You hit the ice beast.
The ice beast is heavily wounded.
The ice beast hits you.
* * * LOW HITPOINT WARNING * * *
The ice beast freezes you!
You die...

#. ##. ..#####
#.....# #.....#
## ##.....####.
. #...........
#. #...♣....#
###..#..#Y##..#
#....#..#..# #
#........#.#
##...##...#.#..#
.....##.........
#......#####..#
#########.##..#
..# ......#
#.##..# ..


You could see an ice beast.

Vanquished Creatures
  A bombardier beetle (D:3)
  A gnoll (D:4)
  3 ball pythons
  3 giant cockroaches
  4 hobgoblins
  3 quokkas
  A frilled lizard (D:3)
  2 rats (D:2)
18 creatures vanquished.

Notes
Turn   | Place    | Note
-------+----------+-------------------------------------------
     0 | D:1      | Flugslaktarn the Octopode Alchemist began the quest for the
                  | Orb.
     0 | D:1      | Reached XP level 1. HP: 11/11 MP: 3/3
   305 | D:3      | Reached XP level 2. HP: 17/17 MP: 1/5
   347 | D:3      | Noticed a bombardier beetle
   369 | D:3      | Killed a bombardier beetle
   370 | D:3      | Reached skill level 4 in Alchemy
   370 | D:3      | Reached XP level 3. HP: 21/21 MP: 3/6
   542 | D:4      | Reached XP level 4. HP: 11/27 MP: 3/8
   580 | D:3      | Noticed an ice beast
   611 | D:3      | Mangled by an ice beast

Illustrated notes

Levels and vault maps discovered:
D:1:      nzn_arrival_water_spiral, layout_loops_corners
D:2:      layout_basic
D:3:      layout_loops_cross, cheibrodos_sewer_entry_bend,
          minmay_misc_feat_room, nicolae_houndstooth_variations
D:4:      layout_rooms, mainiacjoe_overflow_paths, chequers_serial_rivers_marsh,
          kennysheep_generic_room_15, uniq_crazy_yiuf_cottage

Skill      XL: |  1  2 |
---------------+-------+-----
Alchemy        | 4 |  4.7
Dodging        | |  2.0
Stealth        | |  2.6
Spellcasting   | |  2.8
Conjurations   | |  1.0

Action                     |  1- 3 |  4- 6 || total
---------------------------+-------+-------++-------
  Melee: Hand axe          |     6 |     2 ||     8
         Tentacles         |     2 |       ||     2
         Constrict         |     1 |       ||     1
         Unarmed           |       |     7 ||     7
   Cast: Sting             |    19 |     8 ||    27
    Use: Scroll            |     3 |     1 ||     4
         Potion            |     1 |     1 ||     2
 Armour: Skin              |     5 |    14 ||    19
  Dodge: Dodged            |    16 |     6 ||    22

Table legend: (Time is in decaauts)
 A = Elapsed time spent in this place.
 B = Non-inter-level travel time spent in this place.
 C = Inter-level travel time spent in this place.
 D = Time resting spent in this place.
 E = Time spent auto-exploring this place.
 F = Levels seen in this place.
 G = Mean time per level.
                   A        B        C        D        E       F      G
               +--------+--------+--------+--------+--------+-----+--------+
         Total |    612 |    558 |     54 |      0 |    258 |   4 |  153.0 |
       Dungeon |    612 |    558 |     54 |      0 |    258 |   4 |  153.0 |
               +--------+--------+--------+--------+--------+-----+--------+

Top non-repeatable levels by time:
     D:3: 271 daAuts
     D:2: 250 daAuts
     D:4: 64 daAuts
     D:1: 26 daAuts
